Map: Ruins of Seras

Players

Saadistic - Winner!

  • Race: Protoss Protoss
  • League: Platinum

Elios

  • Race: Zerg Zerg
  • League: Gold

VOD

Have the link to the VOD?

Description

Time

  • Played on: Nov. 15, 2015, 12:41 a.m.
  • Length: 14:24
Show
View Real Time Build Order
Export as new Build Order

Saadistic Protoss - Winner!

Build Orders: Oracle Opening 

Get SALT Encoding   

  12  0:01  Probe (Chrono Boost)  
  13  0:17  Pylon  
  13  0:18  Probe (Chrono Boost)  
  14  0:28  Probe (Chrono Boost)  
  15  0:36  Gateway  
  15  0:41  Probe (Chrono Boost)  
  16  0:48  Assimilator  
  16  0:52  Probe (Chrono Boost)  
  16  0:55  Assimilator  
  17  1:02  Probe (Chrono Boost)  
  18  1:08  Pylon  
  18  1:13  Probe (Chrono Boost)  
  19  1:23  Probe (Chrono Boost)  
  19  1:25  Cybernetics Core  
  20  1:34  Probe (Chrono Boost)  
  21  1:44  Probe (Chrono Boost)  
  22  1:48  Gateway  
  22  1:55  Probe (Chrono Boost)  
  23  2:04  Stargate  
  23  2:06  Probe (Chrono Boost)  
  24  2:11  Warp Gate (Chrono Boost)  
  24  2:21  Probe  
  25  2:23  Adept  
  27  2:34  Probe  
  27  2:35  Adept  
  30  2:40  Pylon  
  30  2:46  Probe  
  31  2:58  Probe, Oracle  
  35  2:59  Adept  
  37  3:10  Pylon  
  37  3:15  Adept  
  38  3:20  Probe  
  39  3:32  Mothership Core, Adept  
  43  3:53  Probe  
  43  3:54  Nexus  
  44  4:05  Probe  
  45  4:15  Pylon  
  45  4:20  Probe  
  46  4:33  Probe  
  47  4:39  Adept  
  47  4:40  Adept  
  47  4:44  Assimilator  
  47  4:45  Void Ray  
  55  4:49  Assimilator  
  55  4:50  Pylon  
  55  5:03  Pylon  
  55  5:05  Probe x2  
  57  5:15  Adept x2  
  57  5:16  Probe  
  57  5:17  Probe  
  63  5:26  Probe  
  64  5:29  Probe  
  64  5:32  Twilight Council  
  65  5:37  Probe  
  65  5:38  Void Ray  
  70  5:53  Probe  
  70  5:55  Probe  
  72  6:04  Probe  
  72  6:07  Probe  
  74  6:16  Probe  
  75  6:18  Adept x2  
  75  6:19  Probe  
  75  6:21  Void Ray (Chrono Boost)  
  75  6:24  Resonating Glaives  
  84  6:36  Probe  
  84  6:37  Probe  
  86  6:41  Gateway  
  86  6:43  Gateway  
  86  6:46  Gateway  
  86  6:48  Gateway  
  86  6:51  Pylon  
  86  6:54  Pylon  
  86  7:02  Pylon  
  86  7:08  Probe  
  86  7:09  Probe  
  88  7:21  Probe  
  79  7:35  Adept  
  79  7:36  Adept  
  77  7:39  Probe  
  77  7:41  Probe  
  79  7:47  Forge  
  79  7:49  Forge  
  79  7:50  Probe, Adept x3  
  79  7:51  Adept  
  87  7:53  Probe  
  89  8:03  Nexus  
  89  8:04  Probe  
  89  8:06  Probe, Assimilator  
  89  8:07  Adept x2  
  89  8:08  Assimilator  
  89  8:12  Pylon  
  95  8:15  Adept x2  
  95  8:16  Adept  
  95  8:17  Adept  
  95  8:18  Probe  
  98  8:41  Probe  
  98  8:42  Probe  
  98  8:46  Photon Cannon  
  98  8:48  Photon Cannon  
  100  8:49  Void Ray (Chrono Boost)  
  100  8:54  Probe, Protoss Ground Weapons Level 1 (Chrono Boost)  
  100  8:55  Protoss Ground Armor Level 1 (Chrono Boost)  
  105  8:59  Templar Archives  
  104  9:14  Probe  
  105  9:17  Probe x2  
  107  9:25  Probe  
  107  9:28  Probe  
  107  9:29  Probe  
  107  9:30  Psionic Storm, Void Ray (Chrono Boost)  
  114  9:35  Probe  
  114  9:37  High Templar  
  114  9:38  High Templar x4  
  125  9:47  Charge  
  125  9:55  Pylon  
  125  10:06  Photon Cannon  
  125  10:09  Gateway  
  125  10:13  Probe x3  
  128  10:19  Pylon  
  128  10:21  Pylon  
  128  10:25  Probe x2  
  127  10:36  Probe  
  127  10:38  Probe  
  127  10:42  Probe  
  130  10:45  Protoss Ground Armor Level 2 (Chrono Boost), Protoss Ground Weapons Level 2 (Chrono Boost)  
  130  10:46  High Templar x2  
  130  10:47  High Templar x2  
  130  10:48  Probe  
  130  10:49  Zealot x2  
  143  10:50  Archon  
  143  10:51  Archon  
  143  10:57  Pylon  
  143  10:58  Void Ray  
  143  10:59  Pylon  
  143  11:01  Pylon  
  147  11:13  Zealot  
  147  11:14  Nexus  
  147  11:16  Zealot  
  147  11:17  Zealot, Assimilator  
  153  11:21  Assimilator  
  153  11:23  Pylon  
  153  11:27  Pylon  
  153  11:34  Robotics Facility  
  153  11:41  Void Ray  
  153  11:45  Zealot  
  153  11:46  Zealot x6  
  171  12:03  Photon Cannon  
  171  12:05  Gateway  
  171  12:08  Gateway  
  171  12:09  Gateway  
  171  12:15  Pylon, Photon Cannon  
  171  12:21  Observer  
  158  12:59  Probe x3  
  159  13:11  Probe x3  
  162  13:13  Observer  
  163  13:44  Adept  
  163  13:45  Adept x6  
Show
View Real Time Build Order
Export as new Build Order

Elios Zerg 

Build Orders: Hatch First, Swarm Host 

Get SALT Encoding   

  12  0:08  Drone  
  13  0:18  Overlord  
  13  0:30  Drone  
  14  0:37  Drone x2  
  16  0:44  Drone  
  17  0:52  Drone  
  18  1:03  Drone  
  19  1:05  Hatchery  
  18  1:17  Spawning Pool  
  17  1:20  Drone  
  18  1:30  Drone  
  19  1:33  Extractor  
  19  1:36  Drone  
  19  1:50  Drone  
  20  2:05  Overlord  
  20  2:12  Queen  
  22  2:16  Queen  
  22  2:19  Zergling x4  
  26  2:23  Drone  
  26  2:28  Drone  
  28  2:41  Metabolic Boost  
  28  2:43  Zergling x6  
  31  3:00  Drone x2  
  33  3:06  Drone x2  
  33  3:11  Drone  
  36  3:48  Overlord  
  36  3:49  Overlord  
  31  4:03  Zergling x8  
  35  4:11  Zergling x6  
  35  4:15  Queen  
  37  4:17  Spore Crawler  
  37  4:20  Spore Crawler  
  37  4:21  Drone  
  31  4:26  Zergling x4  
  33  4:32  Queen  
  35  4:50  Spine Crawler  
  35  4:51  Spine Crawler, Queen  
  32  4:58  Drone x6  
  32  4:59  Drone  
  38  5:18  Drone x7  
  45  5:41  Drone x3  
  48  5:43  Zergling x8  
  52  6:00  Evolution Chamber x2  
  50  6:11  Zergling x2  
  50  6:12  Zergling x2  
  52  6:19  Lair  
  52  6:23  Extractor  
  52  6:24  Extractor  
  50  6:26  Lair  
  50  6:32  Extractor  
  47  6:35  Zergling x2  
  47  6:36  Zergling x12  
  52  6:54  Zerg Ground Armor Level 1  
  52  6:56  Zerg Melee Weapons Level 1  
  52  7:08  Overlord x3  
  52  7:09  Overlord, Spine Crawler  
  39  7:33  Zergling x2  
  39  7:34  Zergling x10  
  44  7:41  Zergling x4  
  46  7:47  Queen x2  
  46  7:48  Zergling x2  
  46  7:49  Zergling x2  
  52  8:07  Zergling x4  
  52  8:12  Zergling x4  
  56  8:22  Zergling x2  
  56  8:23  Spine Crawler, Zergling x10  
  56  8:26  Spine Crawler  
  60  8:36  Zergling x4  
  61  9:16  Hatchery  
  60  9:22  Zerg Ground Armor Level 2, Zerg Melee Weapons Level 2  
  60  9:48  Drone  
  60  9:49  Drone x5  
  66  10:49  Hatchery  
  65  10:55  Spire  
  64  11:00  Drone  
  64  11:01  Drone x5  
  70  11:22  Zergling x2  
  70  11:23  Zergling x20  
  81  11:28  Infestation Pit  
  81  11:29  Extractor x2  
  78  11:44  Zergling x2  
  78  11:45  Zergling x16  
  78  11:46  Overlord  
  86  12:12  Swarm Host x5  
  101  12:26  Overlord  
  101  12:27  Overlord x4  
  66  12:45  Zergling x24  
Tags
 
Add a new tag
Caveats
  • Supply blocks, unpowered buildings, or Contaminate may cause inaccurate times.
  • Supply counts are checked every 10 seconds.